 Dungeon Crawl Stone Soup version 0.17.0-22-g5edae84 (webtiles) character file.

642131 ketsa the Slayer (level 27, 257/312 HPs)
             Began as a Demonspawn Berserker on Nov 6, 2015.
             Was the Champion of Trog.
             Starved to death
             ... on level 4 of the Realm of Zot on Nov 12, 2015.
             The game lasted 08:40:37 (86800 turns).

ketsa the Slayer (Demonspawn Berserker)            Turns: 86800, Time: 08:40:37

Health: 257/312    AC: 37    Str: 32    XL:     27
Magic:  13/14      EV: 15    Int: 13    God:    Trog [******]
Gold:   6573       SH:  0    Dex: 17    Spells: 0 memorised, 26 levels left

rFire  + + .     SeeInvis +     D - +9 great mace (antimagic)
rCold  + . .     Clarity  .     y - +4 plate armour {MR+}
rNeg   + . .     SustAt   .     (shield currently unavailable)
rPois  .         Gourm    .     (helmet unavailable)
rElec  +         Spirit   +     w - +1 cloak "Fire Pyp" {Regen+}
rCorr  .         Warding  .     a - +2 pair of gloves "Lezyxt" {rN+ Str+4 Int+4}
rMut   +         Stasis   .     g - +1 pair of boots
MR     ++++.                    G - amulet "Vexaikh" {rMut Dex+2}
Stlth  ..........               u - ring "Ekydo" {+Fly rElec rF+ rC+ MP+9}
                                o - ring "Inlawuno" {rF+ MR+}

@: fainting, incredibly resistant to hostile enchantments, extremely unstealthy
A: antennae 3, thin metallic scales 3, deterioration 1, robust 3, spiny 3, magic
shield, magic regeneration, magic link, MP-powered wands
a: Berserk, Trog's Hand, Brothers in Arms, Burn Spellbooks, Renounce Religion,
Evoke Flight
}: 3/15 runes: serpentine, barnacled, slimy


You were on level 4 of the Realm of Zot.
You worshipped Trog.
Trog was exalted by your worship.
You were fainting.

You visited 12 branches of the dungeon, and saw 62 of its levels.
You visited the Abyss 1 time.
You also visited: Labyrinth, Trove and Ice Cave.

You collected 8755 gold pieces.
You spent 2182 gold pieces at shops.

Inventory:

Hand Weapons
 f - a +4 eveningstar of freezing
 z - a +6 broad axe of electrocution
 D - a +9 antimagic great mace (weapon)
 J - the +9 battleaxe "Egeeff" {drain, +Blink}
   (You found it on level 3 of the Elven Halls)

   A truly terrible weapon, it drains the life of those it strikes.
   It lets you blink.
Missiles
 h - 18 poisoned tomahawks (quivered)
Armour
 a - the +2 pair of gloves "Lezyxt" (worn) {rN+ Str+4 Int+4}
   (You found it on level 3 of the Depths)

   It affects your strength (+4).
   It affects your intelligence (+4).
   It protects you from negative energy.
 g - a +1 pair of boots (worn)
 k - the +0 pair of gloves of Negligence {rN+ rCorr Str-2}
   (You found it in an ice cave)

   It affects your strength (-2).
   It protects you from negative energy.
   It protects you from acid and corrosion.
 w - the +1 cloak "Fire Pyp" (worn) {Regen+}
   (You found it on level 9 of the Dungeon)

   It increases your rate of regeneration.
 y - a +4 plate armour of magic resistance (worn)
 E - the +3 shield of Ripir {-Cast rN++ Int+3 SInv}
   (You found it on level 3 of the Vaults)

   It affects your intelligence (+3).
   It greatly protects you from negative energy.
   It lets you see invisible.
   It prevents spellcasting.
 F - a +2 shield of reflection
Rods
 p - a +5 rod of clouds (10/10)
   (You took it off a deep elf annihilator on level 3 of the Elven Halls)
Jewellery
 b - an uncursed ring of teleportation
 i - an uncursed ring of sustain attributes
 j - the ring of Lilacs {rElec rPois rC- MR+++ Int+3}
   (You took it off a necromancer on level 3 of the Crypt)

   [ring of poison resistance]

   It affects your intelligence (+3).
   It makes you vulnerable to cold.
   It insulates you from electricity.
   It protects you from poison.
   It affects your resistance to hostile enchantments.
 o - the ring "Inlawuno" (left hand) {rF+ MR+}
   (You found it on level 3 of the Crypt)

   [ring of protection from magic]

   It protects you from fire.
   It affects your resistance to hostile enchantments.
 s - an uncursed ring of positive energy
 u - the ring "Ekydo" (right hand) {+Fly rElec rF+ rC+ MP+9}
   (You took it off a necromancer on level 3 of the Crypt)

   [ring of flight]

   It protects you from fire.
   It protects you from cold.
   It insulates you from electricity.
   It affects your magic capacity (+9).
   It lets you fly.
 G - the amulet "Vexaikh" (around neck) {rMut Dex+2}
   (You took it off a frost giant on level 3 of the Depths)

   [amulet of resist mutation]

   It protects you from mutation.
   It affects your dexterity (+2).
 R - the ring of Ubeiphai {rPois SInv Stlth+}
   (You took it off a necromancer on level 3 of the Crypt)

   [ring of stealth]

   It protects you from poison.
   It lets you see invisible.
   It makes you more stealthy.
 V - an uncursed amulet of regeneration
 W - an uncursed amulet of clarity
Wands
 Q - a wand of digging (10)
 S - a wand of teleportation (6)
 U - a wand of teleportation (2)
Scrolls
 e - 14 scrolls of fog
 l - a scroll of recharging
 B - 16 scrolls of remove curse
 H - 16 scrolls of teleportation
 L - a scroll of blinking
 M - 7 scrolls of enchant weapon
 T - 9 scrolls of identify
 Z - 9 scrolls of fear
Potions
 d - 2 potions of invisibility
 m - 20 potions of curing
 n - 5 potions of cure mutation
 q - 5 potions of ambrosia
 r - 7 potions of cancellation
 v - 5 potions of agility
 A - 4 potions of haste
 I - 12 potions of heal wounds
 O - 2 potions of magic
 P - 3 potions of resistance
Miscellaneous
 t - a phial of floods
 x - a phantom mirror
 C - a sack of spiders
 K - a stone of tremors
 X - a fan of gales
 Y - a lamp of fire
Comestibles
 c - 27 bread rations


   Skills:
 + Level 24.9 Fighting
 - Level 13.0(17.9) Axes
 * Level 20.0(21.2) Maces & Flails
   Level 2.3 Crossbows
 - Level 4.0 Throwing
 + Level 21.2 Armour
 - Level 9.0 Dodging
 - Level 15.6 Shields
 - Level 14.7 Evocations


You had 26 spell levels left.
You didn't know any spells.

Dungeon Overview and Level Annotations

Branches:
Dungeon (15/15)            Temple (1/1) D:7            Lair (8/8) D:10
 Shoals (4/4) Lair:4        Snake (4/4) Lair:6        Slime (6/6) Lair:6
    Orc (4/4) D:9             Elf (3/3) Orc:4        Vaults (4/5) D:14
  Crypt (3/3) Vaults:2       Tomb (0/3) Crypt:3      Depths (5/5) D:15
    Zot (5/5) Depths:5

Altars:
Ashenzari
Cheibriados
Dithmenos
Elyvilon
Fedhas
Gozag
Kikubaaqudgha
Makhleb
Nemelex Xobeh
Okawaru
Qazlal
Ru
Sif Muna
Trog
Vehumet
Xom
Yredelemnul
Zin
The Shining One
Beogh
Jiyva

Shops:
Orc:2 (*   Orc:4 ([=*   Snake:1 ?   Vaults:4 *   Depths:2 (

Portals:
Hell: Depths:1 Depths:2 Depths:3 Depths:4 Depths:5
Pandemonium: Depths:2 Depths:3
Ziggurat: Depths:4

Annotations:
Shoals:3 exclusion: oklob plant
Elf:1 exclusion: Roxanne, Roxanne
Depths:2 exclusion: downstairs


Innate Abilities, Weirdness & Mutations

You have a pair of large antennae on your head (SInv).
You are completely covered in thin metallic scales (AC +4, rElec).
You are extremely robust (+30% HP).
You are completely covered in sharp spines.
When hurt, damage is shared between your health and your magic reserves.
You regenerate magic rapidly.
When low on magic, you restore magic in place of health.
Your body sometimes deteriorates upon taking damage.
You expend magic power (3 MP) to strengthen your wands.


Message History

You feel slightly more hungry. The death cob hits you.
You feel slightly more hungry. The death cob is struck by your spines.
The death cob hits you.
You feel slightly more hungry. The death cob is struck by your spines.
The death cob hits you.
You feel slightly more hungry. The death cob hits you.
You feel slightly more hungry. The death cob barely misses you.
The death cob is struck by your spines. The death cob barely misses you.
The death cob hits you.
You feel slightly more hungry.
There is an open door here.
The death cob barely misses you. The death cob hits you.
You feel slightly more hungry. The death cob is struck by your spines.
The death cob closely misses you.
You hammer the death cob like a gong!!!
You destroy the death cob!
The death cob is struck by your spines. The death cob hits you.
You feel slightly more hungry.
Your plate armour prevents you from hitting the death cob.
The death cob is heavily damaged.
You have starved to death.
You die...

,..........# #.......#,*
*#######'#### #.......#,*
*...........# #.......#,*
+...........# #.......#,*
*...........# #.......#,*****
*...........# #.......#.,,,*,
*...........# #.......'.,,,*,
,...........#######.<.....#***,*,
,...........##..@z'd......# *,*,
,,..........'..####.......# *,*,
,,..........##.# #.......# *,*,
,,..........#### #.......# *,+,
,,..........# #.......# ***,
**########### ######### **


You could see a mottled draconian and a death cob.

Vanquished Creatures
  the royal jelly (Slime:6)
  2 ancient liches
  An orb of fire (Zot:4)
  Mara (Depths:4)
  A juggernaut (Depths:4)
  A juggernaut (shapeshifter) (D:14)
  Sojobo (Depths:3)
  Frederick (Depths:4)
  3 caustic shrikes
  2 Killer Klowns (Zot:4)
  5 golden dragons
  Nikola (Elf:1)
  5 liches
  Xtahua (Crypt:2)
  A bone dragon (Depths:1)
  An electric golem (Zot:4)
  Jorgrun (Depths:4)
  4 tentacled monstrosities
  An Ice Fiend (IceCv)
  Asterion (Snake:4)
  2 deep elf blademasters
  2 sphinxes (Depths:2)
  A titan (Depths:2)
  2 tentacled starspawn (Abyss:1)
  2 deep elf master archers (Elf:3)
  2 krakens
  21 acid blobs
  5 death cobs
  5 ancient champions
  Agnes (D:14)
  Frances (Elf:1)
  2 shadow dragons
  Kirke (Shoals:2)
  5 tengu reavers
  5 storm dragons
  2 draconian monks (Zot:3)
  Ilsuiw (Shoals:4)
  10 greater nagas
  16 azure jellies
  2 revenants
  8 fire giants
  Maud (Lair:3)
  10 vault wardens
  A draconian knight (Zot:2)
  A draconian scorcher (Zot:2)
  An orc warlord (Vaults:4)
  4 iron dragons
  7 deep elf sorcerers
  13 frost giants
  5 curse skulls
  4 ghouls
  3 ghost moths
  A draconian shifter (Depths:5)
  A draconian zealot (Depths:5)
  A spriggan defender (Depths:3)
  A caustic shrike skeleton (Depths:4)
  3 reapers (Crypt:3)
  2 vampire knights (Depths:4)
  23 ironheart preservers
  25 stone giants
  2 salamander firebrands (Depths:5)
  A juggernaut skeleton (Depths:4)
  6 deep elf demonologists
  A draconian caller (Zot:2)
  18 very ugly things
  3 black draconians
  2 green draconians (Depths:5)
  12 deep elf annihilators
  A purple draconian (Zot:2)
  2 red draconians
  A white draconian (Zot:4)
  2 salamander stormcallers (Vaults:4)
  2 mottled draconians (Zot:3)
  2 yellow draconians
  9 death oozes
  10 ettins
  2 merfolk javelineers (Shoals:4)
  A mummy priest (Crypt:3)
  A spectral quicksilver dragon (Depths:1)
  12 deep elf death magi
  10 eidola
  6 vault guards
  The ghost of McCoppin the Ninja, a journeyman FeBe of Trog (Snake:1)
  16 yaktaur captains
  A quicksilver dragon zombie (Crypt:3)
  4 deep elf high priests
  A crystal guardian (Vaults:3)
  8 merfolk impalers
  17 fire dragons
  6 jiangshi
  15 great orbs of eyes
  3 quicksilver dragon skeletons (Crypt:3)
  A minotaur (Lab)
  Fannar (Lair:2)
  7 hydras
  4 spriggan air magi
  18 ice dragons
  A caustic shrike simulacrum (Depths:1)
  15 naga warriors
  A catoblepas (D:14)
  8 centaur warriors
  5 satyrs
  10 merfolk aquamancers
  8 rakshasas
  A spectral stone giant (Depths:1)
  4 merfolk avatars
  Erolcha (D:8)
  13 dancing weapons
  2 alligator snapping turtles
  5 deep troll shamans
  12 ogre magi
  9 spriggan berserkers
  10 vampire magi
  13 anacondas
  8 tengu warriors
  2 titan zombies
  10 deep troll earth magi
  4 shock serpents
  5 death yaks
  Urug (Orc:1)
  2 orc high priests
  11 naga sharpshooters
  10 soul eaters
  4 storm dragon zombies
  2 thrashing horrors (Abyss:2)
  29 skeletal warriors
  3 wretched stars
  A spectral yaktaur (Depths:1)
  A shadow wraith (Crypt:3)
  4 ice devils (IceCv)
  2 storm dragon skeletons
  An iron troll (Depths:3)
  23 deep elf knights
  A fire crab (Vaults:3)
  5 deep elf summoners
  A quicksilver dragon simulacrum (Crypt:2)
  An anaconda zombie (Crypt:3)
  27 deep trolls
  2 salamander mystics (Snake:4)
  A deep troll (shapeshifter) (Depths:3)
  9 giant orange brains
  6 flayed ghosts
  8 sea snakes
  17 naga ritualists
  An unseen horror (D:14)
  21 necromancers
  5 hill giants
  8 ironbrand convokers
  3 golden dragon skeletons
  4 wizards
  An anaconda skeleton (Crypt:2)
  14 griffons
  6 wolf spiders
  12 mana vipers
  11 orc knights
  15 deep elf conjurers
  2 frost giant zombies
  A harpy (shapeshifter) (Depths:1)
  4 fire giant zombies (Crypt:3)
  16 phantasmal warriors
  A shadow dragon skeleton (Crypt:3)
  6 salamanders
  2 hornets (Vaults:1)
  A hornet (shapeshifter) (Depths:3)
  3 stone giant zombies
  5 orc sorcerers
  9 cyclopes
  8 harpies
  14 manticores
  A worldbinder (Abyss:1)
  A griffon (shapeshifter) (Vaults:1)
  14 moths of wrath
  70 ugly things
  6 shining eyes
  2 frost giant skeletons
  2 water nymphs (Shoals:4)
  13 fauns
  9 naga magi
  3 octopodes (shapeshifter)
  An elephant (shapeshifter) (Depths:5)
  A torpor snail (Lair:4)
  A molten gargoyle (D:15)
  10 vault sentinels
  2 iron dragon skeletons
  9 guardian serpents
  3 fire giant skeletons
  3 guardian serpents (shapeshifter)
  9 sirens
  A dire elephant zombie (Crypt:3)
  3 centaur zombies
  45 black mambas
  2 spiny frogs (shapeshifter)
  2 gargoyles
  A smoke demon (Abyss:1)
  A spriggan skeleton (Depths:1)
  5 centaur skeletons
  An eye of devastation (Slime:5)
  A storm dragon simulacrum (Crypt:3)
  26 spiny frogs
  18 komodo dragons
  3 golden dragon simulacra (IceCv)
  3 fire drakes
  4 kobold demonologists
  8 freezing wraiths
  An efreet (D:15)
  2 guardian mummies
  4 anaconda simulacra (IceCv)
  13 hellwings (Crypt:3)
  3 tengu conjurers
  66 yaktaurs
  A human skeleton (Vaults:2)
  A death drake zombie (Crypt:1)
  21 merfolk
  A hydra zombie (Crypt:3)
  2 ancient zymes (Abyss:1)
  A fire drake (shapeshifter) (Vaults:3)
  A red devil (Depths:1)
  A harpy zombie (Crypt:2)
  4 jumping spiders
  A giant leech (Lair:8)
  An iron troll skeleton (Crypt:1)
  A queen bee (shapeshifter) (Elf:2)
  20 deep elf priests
  A shadow dragon simulacrum (Vaults:4)
  8 large abominations
  A wind drake (shapeshifter) (D:13)
  A demonic crawler (Abyss:1)
  2 blue devils (IceCv)
  8 trolls
  4 wind drakes
  A troll (shapeshifter) (D:10)
  15 two-headed ogres
  A polar bear (Lair:5)
  3 raiju (Abyss:1)
  A moth of wrath zombie (Crypt:1)
  A spriggan zombie (D:15)
  A wolf spider simulacrum (IceCv)
  A minotaur skeleton (Crypt:2)
  An iron dragon simulacrum (Depths:1)
  A boulder beetle (shapeshifter) (Depths:2)
  An ice dragon zombie (Crypt:3)
  147 slime creatures
  A hornet zombie (D:14)
  4 boulder beetles
  4 snapping turtles
  An ettin zombie (Crypt:3)
  26 blink frogs
  2 fire dragon zombies
  3 ynoxinuls
  6 flying skulls (Crypt:1)
  5 shadows
  5 air elementals
  2 wyverns
  2 elf skeletons (Depths:4)
  Sigmund (D:4)
  4 redbacks
  3 fire dragon skeletons
  A human (shapeshifter) (Depths:1)
  3 trapdoor spiders
  27 deep elf magi
  2 ettin skeletons
  An ice dragon skeleton (Crypt:2)
  16 water elementals
  13 golden eyes
  62 yaks
  A vampire (Crypt:1)
  9 wraiths
  2 human simulacra (Vaults:2)
  A golden eye (shapeshifter) (Elf:2)
  7 hungry ghosts
  2 hogs
  8 wargs
  3 basilisks
  2 fire bats (Depths:5)
  A giant leech zombie (Crypt:1)
  38 deep elf fighters
  A hill giant zombie (Crypt:1)
  2 dire elephant simulacra (IceCv)
  A chaos spawn (Abyss:2)
  A warg (shapeshifter) (Vaults:4)
  10 hippogriffs
  3 neqoxecs
  Menkaure (D:4)
  A human (D:8)
  4 mottled dragons
  69 nagas
  Edmund (D:6)
  A merfolk zombie (Crypt:2)
  32 wolves
  5 harpy simulacra (IceCv)
  A soldier ant (shapeshifter) (Vaults:4)
  11 water moccasins
  An iron troll simulacrum (IceCv)
  18 vampire mosquitoes
  6 small abominations
  4 spiders (Crypt:3)
  10 ice beasts
  Duvessa (D:6)
  2 sky beasts
  An eye of draining (shapeshifter) (Vaults:1)
  15 porcupines
  A hornet simulacrum (Vaults:1)
  39 orc warriors
  A tengu skeleton (Depths:1)
  A porcupine (shapeshifter) (Depths:4)
  A sky beast (shapeshifter) (Vaults:3)
  53 ogres
  4 phantoms
  2 human zombies
  An alligator simulacrum (Crypt:2)
  3 wasps
  2 black bears
  7 eyes of draining
  2 snapping turtle zombies (Crypt:3)
  An ettin simulacrum (Vaults:2)
  3 necrophages
  A snapping turtle skeleton (Crypt:3)
  A swamp dragon zombie (Crypt:3)
  12 centaurs
  16 crocodiles
  10 boggarts
  22 giant frogs
  2 brain worms
  2 elf simulacra
  Blork the orc (Orc:3)
  A water moccasin zombie (D:11)
  3 big kobolds
  8 elf zombies
  3 gnoll sergeants (D:9)
  A wyvern zombie (D:14)
  Dowan (D:6)
  8 wyvern skeletons
  A killer bee (D:14)
  3 scorpions
  5 wights
  5 electric eels
  An elephant simulacrum (IceCv)
  A lava snake (D:8)
  8 crimson imps
  33 jellies
  33 orc priests
  A starcursed mass (Abyss:2)
  5 hounds
  2 giant frog zombies
  Crazy Yiuf (D:3)
  Ijyb (D:2)
  9 iguanas
  3 giant frog skeletons
  An iron imp (Abyss:2)
  37 orc wizards
  3 draconian simulacra (IceCv)
  2 quasits
  A spriggan simulacrum (IceCv)
  A boulder beetle simulacrum (Vaults:1)
  A polar bear simulacrum (IceCv)
  A wolf simulacrum (IceCv)
  6 worker ants
  2 troll simulacra (IceCv)
  3 centaur simulacra (IceCv)
  A killer bee zombie (D:10)
  A dwarf zombie (Crypt:2)
  31 sheep
  An ogre skeleton (Crypt:3)
  A worker ant zombie (D:7)
  A mummy (Crypt:3)
  17 gnolls
  30 river rats
  16 adders
  A naga simulacrum (IceCv)
  An ogre simulacrum (IceCv)
  4 shadow imps
  9 white imps (IceCv)
  5 ufetubi
  An iguana zombie (Crypt:2)
  3 worms
  4 adder skeletons
  201 orcs
  3 giant cockroaches
  8 hobgoblins
  17 jackals
  10 bats
  A giant cockroach zombie (D:5)
  2 giant geckos (D:5)
  A giant gecko skeleton (D:4)
  3 giant newts
  13 goblins
  A hobgoblin skeleton (Crypt:1)
  A hobgoblin zombie (Crypt:2)
  A jackal skeleton (D:8)
  16 kobolds
  An orc skeleton (Crypt:2)
  5 quokkas
  A quokka zombie (D:8)
  6 rats
  2 macabre masses (Depths:1)
  15 plants
  A starspawn tentacle (Abyss:1)
  6 tentacles
  A tentacle segment (Shoals:2)
2863 creatures vanquished.

Vanquished Creatures (collateral kills)
  Saint Roka (Depths:2)
  A curse toe (Zot:4)
  A caustic shrike (Depths:3)
  Jory (Vaults:4)
  A sphinx (Depths:2)
  A shadow dragon (Depths:3)
  An orc warlord (Orc:4)
  Aizul (Elf:1)
  2 iron dragons
  2 stone giants (Depths:3)
  Snorg (Lair:8)
  A death ooze (Slime:6)
  A minotaur (shapeshifter) (Depths:3)
  2 merfolk impalers
  2 fire dragons
  A great orb of eyes (Depths:1)
  A naga warrior (Snake:4)
  2 merfolk aquamancers (Shoals:4)
  3 merfolk avatars
  A satyr (Shoals:4)
  3 dancing weapons (Elf:2)
  A deep troll earth mage (Depths:2)
  A naga sharpshooter (Snake:4)
  A deep elf knight (Elf:2)
  An ice devil (IceCv)
  A sea snake (Shoals:2)
  A deep troll (Vaults:3)
  A naga ritualist (Snake:4)
  2 harpies (Shoals:2)
  A hornet (shapeshifter) (Depths:2)
  A cyclops (Shoals:4)
  2 fauns (Shoals:2)
  2 manticores (Shoals:2)
  A siren (Shoals:4)
  A guardian serpent (Snake:4)
  2 spiny frogs (Lair:8)
  A tengu conjurer (Depths:2)
  A merfolk (Shoals:4)
  An ushabti (Crypt:3)
  A blink frog (Lair:8)
  A hog (Shoals:2)
  A deep elf mage (Elf:1)
  A deep elf fighter (Elf:2)
  A naga (Snake:4)
  2 wolves (Lair:8)
  4 giant frogs (Lair:8)
  A crocodile (Lair:8)
  An iguana (D:14)
  3 sheep (Shoals:2)
  An orc (Orc:4)
  2 tentacles
71 creatures vanquished.

Vanquished Creatures (others)
  A deep elf master archer (Elf:3)
  An eldritch tentacle (Depths:3)
  A tengu reaver (Depths:3)
  A merfolk javelineer (Shoals:4)
  A yaktaur captain (Vaults:3)
  2 centaur warriors
  A satyr (Shoals:1)
  2 naga sharpshooters (Snake:1)
  A harpy (Shoals:2)
  A cyclops (Shoals:2)
  A faun (Shoals:2)
  7 yaktaurs
  2 humans (Shoals:2)
  A deep elf fighter (Vaults:1)
  3 ogres
  A centaur (Shoals:2)
  An iron imp (Abyss:2)
  106 eldritch tentacle segments (Depths:3)
  22 fungi
  6 lost souls
  A lurking horror (Abyss:2)
  51 plants
  3 starspawn tentacles (Abyss:1)
  2 starspawn tentacle segments (Abyss:1)
  21 tentacles
  1092 tentacle segments
1332 creatures vanquished.

Grand Total: 4266 creatures vanquished

Notes
Turn   | Place    | Note
--------------------------------------------------------------
     0 | D:1      | ketsa the Demonspawn Berserker began the quest for the Orb.
     0 | D:1      | Reached XP level 1. HP: 18/18 MP: 1/1
   633 | D:1      | Gained mutation: You are partially covered in sharp spines. [demonic ancestry]
   633 | D:1      | Reached XP level 2. HP: 20/24 MP: 2/2
  1228 | D:1      | Gained mutation: You are partially covered in thin metallic scales (AC +2). [demonic ancestry]
  1228 | D:1      | Reached XP level 3. HP: 29/29 MP: 3/3
  1342 | D:2      | Reached ** piety under Trog
  1382 | D:2      | Reached XP level 4. HP: 35/35 MP: 4/4
  1419 | D:2      | Found a shadowy altar of Dithmenos.
  1444 | D:2      | Noticed Ijyb
  1468 | D:2      | Killed Ijyb
  1468 | D:2      | Reached skill level 4 in Maces & Flails
  1814 | D:2      | Found a sacrificial altar of Ru.
  1817 | D:2      | Found a shimmering altar of Xom.
  1818 | D:2      | Found a radiant altar of Vehumet.
  2062 | D:2      | Found a bloodstained altar of Trog.
  2160 | D:3      | Found a blossoming altar of Fedhas.
  2161 | D:3      | Reached XP level 5. HP: 41/41 MP: 5/5
  2275 | D:3      | Reached skill level 5 in Maces & Flails
  2456 | D:3      | Noticed Crazy Yiuf
  2463 | D:3      | Killed Crazy Yiuf
  2603 | D:3      | Reached XP level 6. HP: 45/47 MP: 6/6
  2640 | D:3      | Reached *** piety under Trog
  2798 | D:3      | Found a burning altar of Makhleb.
  2800 | D:3      | Noticed an Executioner
  2805 | D:3      | Noticed an orange demon
  2805 | D:3      | Noticed a hellwing
  2872 | D:4      | Noticed Sigmund
  2880 | D:4      | Killed Sigmund
  2974 | D:4      | Noticed Menkaure
  2980 | D:4      | Killed Menkaure
  2980 | D:4      | Reached skill level 6 in Maces & Flails
  2980 | D:4      | Gained mutation: You have a pair of small antennae on your head. [demonic ancestry]
  2980 | D:4      | Reached XP level 7. HP: 52/52 MP: 7/7
  3570 | D:5      | Entered Level 5 of the Dungeon
  3826 | D:5      | Found a white marble altar of Elyvilon.
  3991 | D:5      | Reached skill level 5 in Armour
  4130 | D:5      | Reached XP level 8. HP: 50/60 MP: 8/8
  4271 | D:5      | Reached skill level 7 in Maces & Flails
  4626 | D:6      | Reached skill level 5 in Fighting
  4630 | D:6      | Got an ebony mace
  4632 | D:6      | Identified the +8 mace of Eternal Vigilance {crush, MR++} (You found it on level 6 of the Dungeon)
  5217 | D:6      | Noticed Edmund
  5233 | D:6      | Killed Edmund
  5281 | D:6      | Gained mutation: You have a pair of antennae on your head. [demonic ancestry]
  5281 | D:6      | Reached XP level 9. HP: 59/69 MP: 9/9
  5286 | D:6      | Reached skill level 8 in Maces & Flails
  5613 | D:6      | Noticed Duvessa
  5622 | D:6      | Noticed Dowan
  5624 | D:6      | Killed Duvessa
  5628 | D:6      | Killed Dowan
  5756 | D:6      | Found a glowing silver altar of Zin.
  5998 | D:7      | Reached **** piety under Trog
  6392 | D:7      | Found a staircase to the Ecumenical Temple.
  6401 | Temple   | Entered the Ecumenical Temple
  7022 | D:8      | Noticed Erolcha
  7032 | D:8      | Killed Erolcha
  7032 | D:8      | Reached skill level 9 in Maces & Flails
  7032 | D:8      | Gained mutation: You are mostly covered in thin metallic scales (AC +3). [demonic ancestry]
  7032 | D:8      | Reached XP level 10. HP: 80/80 MP: 10/10
  7033 | D:8      | Noticed a hill giant
  7412 | D:8      | Found a radiant altar of Vehumet.
  7515 | D:8      | Received a gift from Trog
  7605 | D:8      | Killed a hill giant
  7724 | D:8      | Reached skill level 5 in Dodging
  8454 | D:9      | Found a shattered altar of Ashenzari.
  8502 | D:9      | Got a translucent cloak
  8513 | D:9      | Identified the +1 cloak "Fire Pyp" {Regen+} (You found it on level 9 of the Dungeon)
  8638 | D:9      | Reached ***** piety under Trog
  8785 | D:9      | Found an iron altar of Okawaru.
  9240 | D:10     | Entered Level 10 of the Dungeon
  9333 | D:10     | Reached skill level 10 in Maces & Flails
  9351 | D:10     | Found a portal to a secret trove of treasure.
  9375 | D:10     | Noticed a hill giant
  9385 | D:10     | Killed a hill giant
  9665 | D:10     | Found a staircase to the Lair.
  9670 | Lair:1   | Entered Level 1 of the Lair of Beasts
  9917 | D:10     | Reached skill level 1 in Evocations
 10262 | D:11     | Gained mutation: When hurt, damage is shared between your health and your magic reserves. [demonic ancestry]
 10262 | D:11     | Reached XP level 11. HP: 89/89 MP: 10/12
 11045 | D:11     | Noticed an octopode
 11061 | D:11     | Killed an octopode
 11104 | D:11     | Reached skill level 1 in Throwing
 11245 | D:11     | Received a gift from Trog
 11643 | D:13     | Noticed a tengu warrior
 11764 | D:12     | Reached skill level 5 in Evocations
 12038 | D:12     | Reached skill level 10 in Fighting
 12074 | D:12     | Noticed an orc knight
 12091 | D:12     | Killed an orc knight
 12155 | D:12     | Noticed a skeletal warrior
 12187 | D:12     | Killed a skeletal warrior
 12529 | D:9      | Found a staircase to the Orcish Mines.
 12771 | Orc:1    | Entered Level 1 of the Orcish Mines
 13115 | Lair:1   | Reached skill level 1 in Shields
 13270 | Lair:1   | Gained mutation: You are completely covered in thin metallic scales (AC +4, rElec). [demonic ancestry]
 13270 | Lair:1   | Reached XP level 12. HP: 86/97 MP: 13/16
 13278 | Lair:1   | Received a gift from Trog
 13317 | Lair:1   | Noticed a black mamba
 13328 | Lair:1   | Killed a black mamba
 13561 | Lair:1   | Noticed a seven-headed hydra
 13596 | Lair:1   | Killed a seven-headed hydra
 13726 | Lair:1   | Noticed a four-headed hydra
 13736 | Lair:1   | Killed a four-headed hydra
 14246 | Lair:2   | Noticed Fannar
 14264 | Lair:2   | Killed Fannar
 14946 | Lair:2   | Reached skill level 5 in Shields
 15457 | Lair:3   | Received a gift from Trog
 15590 | Lair:3   | Noticed Maud
 15623 | Lair:3   | Killed Maud
 15803 | Lair:3   | Received a gift from Trog
 16022 | Lair:3   | Got a bloodstained leather armour
 16033 | Lair:3   | Identified the +2 leather armour of Devotion {rN+ rCorr} (You found it on level 3 of the Lair of Beasts)
 16660 | Lair:4   | Reached XP level 13. HP: 104/104 MP: 19/19
 17035 | Lair:4   | Noticed a seven-headed hydra
 17222 | Lair:4   | Reached skill level 10 in Armour
 17320 | Lair:4   | Reached skill level 11 in Maces & Flails
 17327 | Lair:4   | Received a gift from Trog
 17549 | Lair:4   | Found a staircase to the Shoals.
 17554 | Shoals:1 | Entered Level 1 of the Shoals
 17781 | Lair:4   | Killed a seven-headed hydra
 19445 | Lair:5   | Reached skill level 12 in Maces & Flails
 19712 | Orc:1    | Reached ****** piety under Trog
 19921 | Orc:2    | Found Cocyabem's Weapon Boutique.
 20047 | Orc:2    | Received a gift from Trog
 20072 | Orc:2    | Reached XP level 14. HP: 106/113 MP: 16/20
 20225 | Orc:4    | Entered Level 4 of the Orcish Mines
 20533 | Orc:2    | Found Vopnutu's Assorted Antiques.
 20540 | Orc:2    | Bought a scroll of identify for 58 gold pieces
 20540 | Orc:2    | Bought a scroll of blinking for 217 gold pieces
 20540 | Orc:2    | Bought a scroll of identify for 58 gold pieces
 20540 | Orc:2    | Bought a scroll labeled OMILETS ELAO for 29 gold pieces
 20540 | Orc:2    | Bought a scroll of fog for 58 gold pieces
 20986 | Orc:3    | Received a gift from Trog
 20988 | Orc:3    | Got an ancient hand crossbow {god gift}
 21038 | Orc:3    | Found a roughly hewn altar of Beogh.
 21548 | Orc:4    | Found a roughly hewn altar of Beogh.
 21724 | Orc:4    | Identified the +11 hand crossbow of Amirant {venom, +Blink rF+ MR+} (Trog gifted it to you on level 3 of the Orcish Mines)
 21929 | Orc:4    | Found a staircase to the Elven Halls.
 21966 | Elf:1    | Entered Level 1 of the Elven Halls
 22242 | Orc:4    | Noticed an orc warlord
 22254 | Orc:4    | Received a gift from Trog
 22254 | Orc:4    | Reached skill level 1 in Crossbows
 22354 | Orc:1    | Found a roughly hewn altar of Beogh.
 22386 | Orc:1    | Noticed Urug
 22400 | Orc:1    | Killed Urug
 22738 | Lair:1   | Upgraded the game from 0.17.0 to 0.17.0-1-g61d176b
 23097 | Lair:8   | Entered Level 8 of the Lair of Beasts
 23273 | Lair:8   | Noticed Snorg
 23284 | Lair:8   | Killed Snorg
 23451 | Lair:8   | Found a labyrinth entrance.
 23467 | Lab      | Entered a labyrinth
 23709 | Lab      | Identified the Collected Works on Transmigration and Clay
 23838 | Lab      | Identified the Collected Works on Shifting Confrontation (You found it in a labyrinth)
 24209 | Lair:6   | Found a staircase to the Snake Pit.
 24224 | Snake:1  | Entered Level 1 of the Snake Pit
 24268 | Lair:6   | Reached skill level 13 in Maces & Flails
 24289 | Lair:6   | Found a viscous altar of Jiyva.
 24290 | Lair:6   | Found a staircase to the Slime Pits.
 24309 | Slime:1  | Entered Level 1 of the Pits of Slime
 24423 | Lair:6   | Received a gift from Trog
 26738 | Orc:2    | Received a gift from Trog
 27127 | Orc:4    | Noticed Blork the orc
 27175 | Orc:4    | Killed an orc warlord
 27175 | Orc:4    | Gained mutation: You regenerate magic rapidly. [demonic ancestry]
 27175 | Orc:4    | Reached XP level 15. HP: 119/122 MP: 21/21
 27183 | Orc:4    | Found a roughly hewn altar of Beogh.
 27245 | Orc:3    | Killed Blork the orc
 27783 | Orc:4    | Found Miulenk's General Store.
 27795 | Orc:4    | Found Linlumpoe's Antique Armour Emporium.
 27803 | Orc:4    | Bought an embroidered hat for 92 gold pieces
 27861 | Orc:4    | Found Wiwyri's Antique Weapon Emporium.
 27884 | Orc:4    | Found Oloam's Jewellery Emporium.
 28183 | Orc:4    | Received a gift from Trog
 28658 | Snake:1  | Noticed McCoppin's ghost (journeyman FeBe)
 28683 | Snake:1  | Killed McCoppin's ghost
 28874 | Snake:1  | Reached skill level 14 in Maces & Flails
 28959 | Snake:1  | Found Naojouwyo's Magic Scroll Shoppe.
 29531 | Snake:1  | Found a shadowy altar of Dithmenos.
 30476 | Snake:2  | Received a gift from Trog
 30554 | Snake:2  | Reached skill level 15 in Maces & Flails
 30685 | Snake:2  | Noticed a greater naga
 30696 | Snake:2  | Killed a greater naga
 31103 | Snake:3  | Gained mutation: You have a pair of large antennae on your head (SInv). [demonic ancestry]
 31103 | Snake:3  | Reached XP level 16. HP: 125/131 MP: 20/22
 31546 | Snake:4  | Entered Level 4 of the Snake Pit
 32105 | Snake:4  | Received a gift from Trog
 32425 | Snake:4  | Noticed Asterion
 32439 | Snake:4  | Killed Asterion
 33052 | Snake:4  | Reached skill level 16 in Maces & Flails
 33989 | Snake:4  | Received a gift from Trog
 34215 | Snake:4  | Received a gift from Trog
 34403 | Snake:4  | Gained mutation: When low on magic, you restore magic in place of health. [demonic ancestry]
 34403 | Snake:4  | Reached XP level 17. HP: 78/140 MP: 14/23
 34406 | Snake:4  | Received a gift from Trog
 34786 | Snake:4  | Got a serpentine rune of Zot
 35737 | D:13     | Noticed a tengu warrior
 35748 | D:13     | Killed a tengu warrior
 35899 | D:13     | Killed a tengu warrior
 35899 | D:13     | Reached skill level 1 in Axes
 36116 | D:13     | Found a glowing golden altar of the Shining One.
 36389 | D:15     | Entered Level 15 of the Dungeon
 36669 | D:14     | Found a shattered altar of Ashenzari.
 36681 | D:14     | Noticed Agnes
 36698 | D:14     | Killed Agnes
 36895 | D:14     | Received a gift from Trog
 37595 | Orc:4    | Bought an uncursed ring of protection from fire for 425 gold pieces
 38088 | D:14     | Received a gift from Trog
 38110 | D:14     | Reached skill level 15 in Fighting
 38457 | D:14     | Found a gate to the Vaults.
 38471 | Vaults:1 | Entered Level 1 of the Vaults
 38878 | D:15     | Found a staircase to the Depths.
 38939 | Depths:1 | Entered Level 1 of the Depths
 39599 | D:15     | Upgraded the game from 0.17.0-1-g61d176b to 0.17.0-9-g801d43b
 40003 | Depths:1 | Received a gift from Trog
 40147 | Depths:1 | Gained mutation: You are mostly covered in sharp spines. [demonic ancestry]
 40147 | Depths:1 | Reached XP level 18. HP: 37/149 MP: 10/24
 40317 | Depths:1 | Reached skill level 5 in Axes
 41150 | Snake:1  | Bought a scroll of enchant armour for 135 gold pieces
 42516 | Shoals:2 | Noticed Kirke
 42534 | Shoals:2 | Killed Kirke
 42597 | Shoals:1 | Upgraded the game from 0.17.0-9-g801d43b to 0.17.0-15-g6d90897
 42837 | Shoals:1 | Received a gift from Trog
 43353 | Shoals:1 | Reached skill level 10 in Shields
 44091 | Shoals:2 | Cast into the Abyss (siren)
 44091 | Abyss:1  | Found a corrupted altar of Lugonu.
 44368 | Abyss:1  | Noticed a lich
 44384 | Abyss:1  | Killed a lich
 44653 | Abyss:2  | Lost intelligence.
 44657 | Abyss:2  | Gained mutation: Your body often deteriorates upon taking damage. [a neqoxec]
 44760 | Abyss:2  | Paralysed by accursed screaming for 1 turns
 44789 | Shoals:2 | Escaped the Abyss
 44803 | Shoals:2 | Received a gift from Trog
 44828 | Shoals:2 | Reached skill level 17 in Maces & Flails
 45850 | Shoals:3 | Found a sparkling altar of Nemelex Xobeh.
 45895 | Shoals:4 | Entered Level 4 of the Shoals
 45916 | Shoals:4 | Found a frozen archway.
 45923 | Shoals:4 | Reached XP level 19. HP: 153/157 MP: 23/25
 45933 | IceCv    | Entered an ice cave
 46006 | IceCv    | Got a dazzling leather armour
 46017 | IceCv    | Identified the cursed +0 leather armour "Zehiul" {rF+ Str+2} (You found it in an ice cave)
 46862 | IceCv    | Received a gift from Trog
 46865 | IceCv    | Got a warped flail {god gift}
 46867 | IceCv    | Identified the +12 flail "Xuroikko" {venom, *Drain rPois Int+6 Dex+3} (Trog gifted it to you in an ice cave)
 47441 | IceCv    | Got a pair of faintly humming gloves
 47447 | IceCv    | Identified the cursed +0 pair of gloves of Negligence {rN+ rCorr Str-2} (You found it in an ice cave)
 47507 | Shoals:4 | Noticed Ilsuiw
 48360 | Shoals:4 | Killed Ilsuiw
 48532 | Shoals:4 | Got a barnacled rune of Zot
 48750 | Shoals:4 | Received a gift from Trog
 48792 | Shoals:4 | Gained mutation: You are completely covered in sharp spines. [demonic ancestry]
 48792 | Shoals:4 | Reached XP level 20. HP: 166/166 MP: 26/26
 49230 | Shoals:4 | Got a scorched bone amulet
 49231 | Shoals:4 | Identified the amulet "Doyg" {Spirit Int+6 Dex-2} (You found it on level 4 of the Shoals)
 49354 | Shoals:4 | Identified the Reference Book on Toxins
 50361 | D:14     | Noticed a juggernaut
 50369 | D:14     | Killed a juggernaut
 51370 | Vaults:2 | Received a gift from Trog
 52328 | Vaults:1 | Reached skill level 15 in Armour
 52477 | Vaults:1 | Received a gift from Trog
 52484 | Vaults:1 | Reached XP level 21. HP: 173/173 MP: 27/27
 53246 | Vaults:2 | Received a gift from Trog
 53365 | Vaults:2 | Received a gift from Trog
 53485 | Vaults:2 | Reached skill level 18 in Maces & Flails
 54207 | Vaults:2 | Received a gift from Trog
 54488 | Vaults:2 | Found a staircase to the Crypt.
 54509 | Crypt:1  | Entered Level 1 of the Crypt
 55327 | Vaults:2 | Received a gift from Trog
 55570 | Vaults:3 | Received a gift from Trog
 55578 | Vaults:3 | Got a crystal longbow {god gift}
 55579 | Vaults:3 | Identified the +9 longbow "Uvelis" {venom, Str+4} (Trog gifted it to you on level 3 of the Vaults)
 56373 | Vaults:3 | Gained mutation: You are robust (+10% HP). [demonic ancestry]
 56373 | Vaults:3 | Reached XP level 22. HP: 169/201 MP: 26/28
 56748 | Vaults:3 | Got a faintly glowing shield
 56759 | Vaults:3 | Identified the +3 shield of Ripir {-Cast rN++ Int+3 SInv} (You found it on level 3 of the Vaults)
 56867 | Vaults:3 | Upgraded the game from 0.17.0-15-g6d90897 to 0.17.0-18-gaab0e96
 57114 | D:10     | You paid a toll of a +3 ice dragon armour to enter a treasure trove
 57115 | Trove    | Entered a treasure trove
 57402 | Depths:2 | Received a gift from Trog
 57441 | Depths:3 | Noticed Sojobo
 57507 | Depths:2 | Found a gateway to Hell.
 57609 | Depths:2 | Found Loizirch's Antique Weapon Boutique.
 57662 | Depths:2 | Noticed a golden dragon
 57700 | Depths:2 | Killed a golden dragon
 57925 | Depths:1 | Identified a scroll of acquirement
 58101 | Depths:1 | Received a gift from Trog
 58118 | Depths:1 | Reached skill level 10 in Evocations
 58127 | Depths:1 | Got an iridescent war axe {god gift}
 58442 | Depths:2 | Found a one-way gate leading to the halls of Pandemonium.
 58995 | Depths:2 | Noticed a caustic shrike
 59004 | Depths:2 | Killed a caustic shrike
 59267 | Depths:2 | Got a shimmering hand crossbow
 59268 | Depths:2 | Identified the cursed +0 hand crossbow "Kuatyph" {flame, rF+ rC+ Dex-2} (You found it on level 2 of the Depths)
 59517 | Depths:2 | Reached skill level 10 in Axes
 59774 | Depths:2 | Received a gift from Trog
 59779 | Depths:2 | Noticed Saint Roka
 59794 | Depths:2 | Killed Saint Roka
 60206 | Depths:3 | Killed Sojobo
 60791 | Depths:5 | Entered Level 5 of the Depths
 60862 | Depths:3 | Reached XP level 23. HP: 154/211 MP: 28/31
 61480 | Elf:1    | Noticed Frances
 61496 | Elf:1    | Killed Frances
 61710 | Elf:3    | Entered Level 3 of the Elven Halls
 61918 | Elf:2    | Identified the +2 war axe of a ziggurat {flame, *Corrode SInv Stlth+} (Trog gifted it to you on level 1 of the Depths)
 62127 | Elf:2    | Found a runed gate.
 62127 | Elf:2    | Found a runed gate.
 62127 | Elf:2    | Found a runed gate.
 62397 | Elf:2    | Reached skill level 19 in Maces & Flails
 62690 | Elf:3    | Received a gift from Trog
 63418 | Elf:3    | Received a gift from Trog
 63499 | Elf:3    | Got an ebony battleaxe
 63500 | Elf:3    | Identified the +9 battleaxe "Egeeff" {drain, +Blink} (You found it on level 3 of the Elven Halls)
 63587 | Elf:3    | Received a gift from Trog
 63838 | Elf:3    | Identified a +5 rod of clouds (10/10) (You took it off a deep elf annihilator on level 3 of the Elven Halls)
 64088 | Elf:3    | Identified the Catalogue of Feathery Evil Magic
 64093 | Elf:3    | Got a warped scale mail
 64106 | Elf:3    | Identified the +6 scale mail "Heugh" {rF+ Str+3 Stlth+} (You found it on level 3 of the Elven Halls)
 64497 | Elf:1    | Got a jewelled battleaxe
 64498 | Elf:1    | Identified the cursed +0 battleaxe of Buxurph {chop, Int+3 Dex+4} (You found it on level 1 of the Elven Halls)
 64711 | Elf:1    | Noticed Aizul
 64718 | Elf:1    | Killed Aizul
 64999 | Elf:1    | Noticed Roxanne
 65052 | Elf:1    | Noticed Nikola
 65067 | Elf:1    | Killed Nikola
 67075 | Crypt:1  | Received a gift from Trog
 67441 | Crypt:3  | Entered Level 3 of the Crypt
 67555 | Crypt:2  | Reached XP level 24. HP: 213/222 MP: 33/33
 67796 | Crypt:1  | Received a gift from Trog
 68075 | Crypt:2  | Noticed Xtahua
 68084 | Crypt:2  | Killed Xtahua
 69974 | Crypt:3  | Found an ancient bone altar of Kikubaaqudgha.
 70242 | Crypt:3  | Noticed an ancient lich
 70247 | Crypt:3  | Got a pitted bone ring
 70249 | Crypt:3  | Identified the ring of Lilacs {rElec rPois rC- MR+++ Int+3} (You took it off a necromancer on level 3 of the Crypt)
 70252 | Crypt:3  | Got a translucent copper ring
 70253 | Crypt:3  | Identified the ring "Ekydo" {+Fly rElec rF+ rC+ MP+9} (You took it off a necromancer on level 3 of the Crypt)
 70257 | Crypt:3  | Got a pitted brass ring
 70259 | Crypt:3  | Identified the ring of Ubeiphai {rPois SInv Stlth+} (You took it off a necromancer on level 3 of the Crypt)
 70281 | Crypt:3  | Killed an ancient lich
 70349 | Crypt:3  | Reached skill level 20 in Fighting
 70673 | Crypt:3  | Identified the Catalogue of Sinister Magic and Boosts (You found it on level 3 of the Crypt)
 70958 | Crypt:3  | Got a flickering platinum ring
 70960 | Crypt:3  | Identified the ring "Inlawuno" {rF+ MR+} (You found it on level 3 of the Crypt)
 71232 | Crypt:3  | Found a staircase to the Tomb.
 71516 | Crypt:3  | Upgraded the game from 0.17.0-18-gaab0e96 to 0.17.0-22-g5edae84
 71786 | Vaults:3 | Received a gift from Trog
 72054 | Vaults:4 | Received a gift from Trog
 72346 | Vaults:4 | Noticed Jory
 72358 | Vaults:4 | Killed Jory
 72703 | Vaults:4 | Received a gift from Trog
 72887 | Vaults:4 | Received a gift from Trog
 72974 | Vaults:4 | Found Vecar's Assorted Antiques.
 72977 | Vaults:4 | Bought 2 potions of heal wounds for 490 gold pieces
 72977 | Vaults:4 | Bought a scroll of fog for 98 gold pieces
 72977 | Vaults:4 | Bought a scroll of fear for 171 gold pieces
 73546 | Vaults:4 | Gained mutation: You are very robust (+20% HP). [demonic ancestry]
 73546 | Vaults:4 | Reached XP level 25. HP: 213/251 MP: 34/34
 73877 | Depths:1 | Noticed a bone dragon
 73903 | Depths:1 | Killed a bone dragon
 74401 | Depths:3 | Got a steaming ruby amulet
 74402 | Depths:3 | Identified the amulet "Vexaikh" {rMut Dex+2} (You took it off a frost giant on level 3 of the Depths)
 74592 | Depths:3 | Received a gift from Trog
 75061 | Depths:3 | Reached skill level 15 in Shields
 75203 | Depths:3 | Received a gift from Trog
 75354 | Depths:3 | Got a pair of heavily runed gloves
 75360 | Depths:3 | Identified the +2 pair of gloves "Lezyxt" {rN+ Str+4 Int+4} (You found it on level 3 of the Depths)
 75820 | Depths:3 | Received a gift from Trog
 76490 | Depths:4 | Noticed Jorgrun
 76521 | Depths:4 | Reached skill level 21 in Fighting
 76532 | Depths:4 | Killed Jorgrun
 76623 | Depths:4 | Found a gateway to a ziggurat.
 76678 | Depths:4 | Noticed Frederick
 76697 | Depths:4 | Killed Frederick
 76786 | Depths:4 | Noticed Mara
 76798 | Depths:4 | Noticed ketsa's illusion
 76809 | Depths:4 | Killed Mara
 76861 | Depths:4 | Reached XP level 26. HP: 255/264 MP: 34/34
 77102 | Depths:4 | Noticed a juggernaut
 77130 | Depths:4 | Killed a juggernaut
 77304 | Depths:4 | Received a gift from Trog
 78121 | Depths:5 | Reached skill level 22 in Fighting
 78375 | Depths:5 | Found a gate to the Realm of Zot.
 78932 | Slime:1  | Gained mutation: You expend magic power (3 MP) to strengthen your wands. [a shining eye]
 78944 | Slime:1  | Noticed an acid blob
 78945 | Slime:1  | Noticed an acid blob
 78955 | Slime:1  | Killed an acid blob
 78960 | Slime:1  | Killed an acid blob
 79306 | Slime:2  | Received a gift from Trog
 79577 | Slime:6  | Entered Level 6 of the Pits of Slime
 79662 | Slime:6  | Received a gift from Trog
 79666 | Slime:6  | Reached skill level 23 in Fighting
 79721 | Slime:6  | Noticed the royal jelly
 80079 | Slime:1  | Noticed an acid blob
 80090 | Slime:1  | Killed an acid blob
 80186 | Slime:1  | Noticed an azure jelly
 80197 | Slime:1  | Killed an azure jelly
 80256 | Slime:1  | Noticed an acid blob
 80267 | Slime:1  | Killed an acid blob
 80270 | Slime:1  | Noticed an azure jelly
 80278 | Slime:1  | Received a gift from Trog
 80281 | Slime:1  | Killed an azure jelly
 80916 | Slime:6  | Reached skill level 24 in Fighting
 81181 | Lair:6   | Received a gift from Trog
 81265 | Snake:1  | Bought a scroll of fog for 36 gold pieces
 81265 | Snake:1  | Bought a scroll of fog for 36 gold pieces
 81265 | Snake:1  | Bought a scroll of summoning for 171 gold pieces
 81265 | Snake:1  | Bought a scroll of teleportation for 54 gold pieces
 81265 | Snake:1  | Bought a scroll of teleportation for 54 gold pieces
 81950 | Slime:6  | Found a viscous altar of Jiyva.
 82082 | Slime:6  | Killed the royal jelly
 82972 | Slime:6  | Gained mutation: You are extremely robust (+30% HP). [demonic ancestry]
 82972 | Slime:6  | Reached XP level 27. HP: 220/306 MP: 9/34
 83549 | Slime:6  | Got a slimy rune of Zot
 83562 | Slime:6  | Identified Casmaddi's Volume of the Damaging Oath
 83653 | Slime:6  | Identified Sif Muna's Papyrus of Bewitching Dark Rites (You found it on level 6 of the Pits of Slime)
 83674 | Slime:6  | Got a slimy granite ring
 83675 | Slime:6  | Identified the ring "Fefeloum" {+/*Tele +Blink rC+ Dex-5} (You found it on level 6 of the Pits of Slime)
 83775 | Slime:6  | Identified the Grimoire of Mutagenic Stolen Souls (You found it on level 6 of the Pits of Slime)
 84245 | Zot:1    | Entered Level 1 of the Realm of Zot
 85125 | Zot:5    | Entered Level 5 of the Realm of Zot
 85541 | Zot:4    | Noticed an ancient lich
 85563 | Zot:4    | Killed an ancient lich
 86237 | Zot:4    | Noticed an orb of fire
 86350 | Zot:4    | Noticed an orb of fire
 86603 | Zot:4    | Killed an orb of fire
 86800 | Zot:4    | Starved to death

Action                   |  1- 3 |  4- 6 |  7- 9 | 10-12 | 13-15 | 16-18 | 19-21 | 22-24 | 25-27 || total
-------------------------+-------+-------+-------+-------+-------+-------+-------+-------+-------++-------
Melee: Mace              |    86 |    91 |   197 |   756 |   506 |       |       |       |       ||  1636
       Dagger            |       |       |       |     6 |       |       |       |       |       ||     6
       Morningstar       |       |       |       |       |   941 |       |       |       |       ||   941
       Eveningstar       |       |       |       |       |   379 |  2013 |   391 |  2750 |   650 ||  6183
       Flail             |       |       |       |       |       |       |  1318 |       |       ||  1318
       Broad axe         |       |       |       |       |       |       |    45 |       |   943 ||   988
       Great mace        |       |       |       |       |       |       |       |       |   458 ||   458
Throw: Stone             |    16 |     3 |    22 |     3 |       |       |       |       |       ||    44
       Tomahawk          |       |       |       |    15 |    16 |     8 |     6 |     6 |     2 ||    53
Invok: Berserk           |     2 |     5 |     9 |    10 |     7 |     1 |       |     4 |     2 ||    40
       Trog's Hand       |       |       |     1 |       |       |     3 |     5 |     7 |     2 ||    18
       Brothers in Arms  |       |       |       |       |     3 |     7 |     7 |    12 |     6 ||    35
       Burn Spellbooks   |       |       |       |       |       |       |     1 |       |       ||     1
 Abil: Evoke Flight      |       |       |       |       |       |     2 |    11 |       |       ||    13
Evoke: Wand              |       |       |       |     1 |     1 |     5 |     5 |     9 |     2 ||    23
       Fan of gales      |       |       |       |       |       |       |       |     1 |       ||     1
       Lamp of fire      |       |       |       |       |       |       |       |     1 |       ||     1
       Phial of floods   |       |       |       |       |       |       |       |     1 |       ||     1
       Sack of spiders   |       |       |       |       |       |       |       |       |     1 ||     1
  Use: Scroll            |       |     3 |     8 |    25 |    12 |    10 |    11 |    17 |    22 ||   108
       Potion            |       |       |     3 |     1 |       |     7 |     6 |     1 |     4 ||    22
 Stab: Sleeping          |     1 |       |       |       |       |       |       |       |       ||     1
       Distracted        |       |       |       |       |       |     3 |     2 |     3 |     1 ||     9
  Eat: Chunk             |     4 |     9 |    13 |    39 |    46 |    23 |    34 |    28 |    32 ||   228
       Royal jelly       |       |       |     1 |     2 |     1 |     1 |       |     2 |     1 ||     8
       Meat ration       |       |       |     1 |       |       |     4 |     3 |     8 |       ||    16
       Fruit             |       |       |     1 |     2 |     9 |     7 |       |     4 |       ||    23
       Pizza             |       |       |     1 |       |       |     2 |       |     3 |       ||     6
       Beef jerky        |       |       |       |       |     1 |     2 |     3 |     2 |     1 ||     9
       Bread ration      |       |       |       |       |       |       |       |       |     6 ||     6
